 Dungeon Crawl Stone Soup version 0.30-b1-2-g02819fbbbe (webtiles) character file.

Game seed: 5523157132079599684

70 Alarkh the Shooter (level 4, 32/32 HPs)
             Began as a Demonspawn Hexslinger on May 23, 2023.
             Got out of the dungeon alive.
             The game lasted 00:02:40 (1713 turns).

Alarkh the Shooter (Demonspawn Hexslinger)          Turns: 1713, Time: 00:02:40

Health: 32/32      AC:  8    Str: 11    XL:     4   Next: 3%
Magic:  5/5        EV: 10    Int: 16    God:
Gold:   182        SH:  4    Dex: 13    Spells: 4/5 levels left

rFire   . . .        a - +1 sling
rCold   . . .        (no shield)
rNeg    . . .        j - +0 ring mail
rPois   .            e - +0 helmet
rElec   .            (no cloak)
rCorr   .            s - +0 pair of gloves
SInv    .            i - +0 pair of boots
Will    .....        (no amulet)
Stlth   +            (no ring)
HPRegen 0.25/turn    (no ring)
MPRegen 0.09/turn

%: no passive effects
@: no status effects
A: powered by pain 1, condensation shield
a: no special abilities


You escaped.
You visited 1 branch of the dungeon, and saw 3 of its levels.

You collected 182 gold pieces.

Inventory:

Hand Weapons
 a - a +1 sling (weapon)
 b - a +0 whip of pain
Missiles
 k - 11 poisoned darts
Armour
 c - a +0 robe
 e - a +0 helmet (worn)
 i - a +0 pair of boots (worn)
 j - a +0 ring mail (worn)
 s - a +0 pair of gloves (worn)
Wands
 l - a wand of roots (5)
Scrolls
 d - 4 scrolls of amnesia
 f - a scroll of magic mapping
 g - a scroll of poison
 n - a scroll of noise {unknown}
 o - 2 scrolls of immolation
 r - a scroll of identify
 u - a scroll of enchant armour {unknown}
 w - a scroll of vulnerability {unknown}
 x - a scroll of teleportation {unknown}
 y - a scroll of fog {unknown}
Potions
 h - a potion of heal wounds
 m - a potion of brilliance {unknown}
 p - a potion of resistance {unknown}
 q - a potion of attraction {unknown}
 t - a potion of flight {unknown}
 v - a potion of lignification {unknown}


   Skills:
 - Level 1.0 Fighting
 + Level 4.0 Ranged Weapons
 - Level 1.7 Dodging
 - Level 1.0 Spellcasting
 - Level 3.0 Hexes


You had 4 spell levels left.
You knew the following spells:

 Your Spells              Type           Power      Damage    Failure   Level
a - Slow                  Hex            40%        N/A       16%         1

Your spell library contained the following spells:

 Spells                   Type           Power      Damage    Failure   Level
 Ensorcelled Hibernation  Hex/Ice        10%        N/A       41%         2
 Passwall                 Tmut/Erth      0%         N/A       63%         2
 Inner Flame              Hex/Fire       5%         N/A       65%         3
 Portal Projectile        Hex/Tloc       10%        N/A       65%         3
 Cause Fear               Hex            5%         N/A       85%         4
 Swiftness                Air            0%         N/A       86%         3


Dungeon Overview and Level Annotations

Branches:
Dungeon (3/15)

Altars:
Gozag
Vehumet
Xom


Innate Abilities, Weirdness & Mutations

You sometimes gain a little power by taking damage.
A meltable shield of frost defends you. (SH +4)


Message History

You shoot a sling bullet. The sling bullet hits the rat!
You kill the rat!
No target in view!
You now have 162 gold pieces (gained 17).
You now have 178 gold pieces (gained 16).
You now have 182 gold pieces (gained 4).
A dart slug comes into view.
A dart slug is nearby!
A dart slug is nearby!
You shoot a sling bullet. The sling bullet hits the dart slug.
The dart slug is severely wounded.
The dart slug bites you but does no damage.
You shoot a sling bullet. The sling bullet hits the dart slug.
The dart slug is almost dead.
The dart slug barely misses you.
You shoot a sling bullet. The sling bullet hits the dart slug.
You kill the dart slug!
You have reached level 4!
You feel stronger.
Your demonic ancestry asserts itself...
Frost condenses into a shield before you.
d - 4 scrolls of amnesia (gained 3)
A hobgoblin comes into view.
You shoot a sling bullet. The hobgoblin shouts!
The sling bullet hits the hobgoblin.
You kill the hobgoblin!
Your Ranged Weapons skill increases to level 4!
No target in view!
There is a stone staircase leading up here.
You climb upwards.
There is a stone staircase leading down here.
You can't go up here!
(D) Dungeon
Where to? (Enter - D:3 @ (x,y), ? - help)
There is a stone staircase leading up here.
You climb upwards.
There is a stone staircase leading down here.
There is a staircase leading out of the dungeon here.
Are you sure you want to leave the Dungeon?
This will make you lose the game!
You have escaped!

......>### #.##
##.#...†.).# .###...# #..#
#....#...### ## #...# ##.##
########.## #.).# ##.#
##..### ##.## #.##
###.....# #.#####
##.#######.......# ##..##.#
#.###.#.#..#.###.##
###......# ##.#.#.#.###.#
#..#
##......#.######@###### #.#
#..# #..##.#...#.#.#.#.##
#.###..#
..##..#....#.#.###.#
###......#
.....##>..#######.##
#....###.## #######...#
##.# #.#.####..# # #...#
#.## #.........#
#...########.####...#######
#..................##
#.#..........#.....#


There were no monsters in sight!

Vanquished Creatures
  2 adders (D:2)
  A dart slug (D:3)
  A worm (D:3)
  3 endoplasms
  A giant cockroach (D:3)
  4 goblins
  6 hobgoblins
  9 jackals
  3 quokkas
  4 ball pythons
  2 frilled lizards (D:1)
  3 kobolds
  5 rats
44 creatures vanquished.

Notes
Turn   | Place    | Note
-------+----------+-------------------------------------------
     0 | D:1      | Alarkh the Demonspawn Hexslinger began the quest for the
                  | Orb.
     0 | D:1      | Reached XP level 1. HP: 15/15 MP: 2/2
    13 | D:1      | Reached skill level 2 in Ranged Weapons
   381 | D:1      | Gained mutation: You sometimes gain a little power by
                  | taking damage. [demonic ancestry]
   381 | D:1      | Reached XP level 2. HP: 21/21 MP: 3/3
   537 | D:2      | Reached skill level 3 in Ranged Weapons
   633 | D:2      | Reached XP level 3. HP: 25/26 MP: 4/4
  1572 | D:3      | Found a radiant altar of Vehumet.
  1574 | D:3      | Found an opulent altar of Gozag.
  1575 | D:3      | Found a shimmering altar of Xom.
  1647 | D:3      | Gained mutation: A meltable shield of frost defends you.
                  | (SH +4) [demonic ancestry]
  1647 | D:3      | Reached XP level 4. HP: 32/32 MP: 5/5
  1670 | D:3      | Reached skill level 4 in Ranged Weapons
  1713 | D:$      | Got out of the dungeon alive.

Illustrated notes

Levels and vault maps discovered:
D:1:      reono_arrival_mine, layout_rooms
D:2:      layout_basic, serial_forest, infiniplex_forest_corner_1,
          infiniplex_forest_lined_room_2, infiniplex_forest_clump_diagonal,
          infiniplex_forest_zigzag_1, infiniplex_forest_clump_curved,
          infiniplex_forest_straight_2
D:3:      layout_loops_ring, chequers_temple_overflow_statue_of_worship,
          reono_crystal_passage, kennysheep_generic_room_7

Skill      XL: |  1  2  3  4 |
---------------+-------------+-----
Ranged Weapons | 2 3 4 |  4.0
Fighting       | |  1.0
Dodging        | |  1.7
Spellcasting   | |  1.0
Hexes          | |  3.0

Action                     |  1- 3 |  4- 6 || total
---------------------------+-------+-------++-------
  Melee: Whip              |    33 |       ||    33
   Fire: Sling             |   115 |     1 ||   116
    Use: Scroll            |     4 |       ||     4
         Potion            |     1 |       ||     1
 Armour: Ring mail         |    40 |       ||    40
  Dodge: Dodged            |    66 |       ||    66
